 Dungeon Crawl Stone Soup version 0.18.1-5-g4a78601 (webtiles) character file.

180 juanjsm the Sneak (level 5, 0/25 HPs)
             Began as a Spriggan Enchanter on May 12, 2016.
             Was an Initiate of Ashenzari.
             Slain by an orc priest
             ... wielding a +0 hand axe
              (1 damage)
             ... on level 3 of the Dungeon.
             The game lasted 00:09:52 (1773 turns).

juanjsm the Sneak (Spriggan Enchanter)              Turns: 1773, Time: 00:09:53

Health: 0/25       AC:  3    Str:  4    XL:     5   Next: 33%
Magic:  0/11       EV: 19    Int: 18    God:    Ashenzari [......]
Gold:   148        SH:  0    Dex: 16    Spells: 4 memorised, 2 levels left

rFire  . . .     SeeInvis +     a - +1 dagger
rCold  . . .     Gourm    .     b - +1 robe
rNeg   . . .     Faith    .     (shield restricted)
rPois  .         Spirit   .     (helmet restricted)
rElec  .         Dismiss  .     (no cloak)
rCorr  .         Reflect  .     (gloves unavailable)
SustAt .         Harm     .     (boots unavailable)
MR     .....                    (no amulet)
Stlth  ++++......               (no ring)
                                (no ring)

@: very slightly contaminated, very quick, not resistant to hostile
enchantments, stealthy
A: unfitting armour, see invisible, herbivore 3, speed 3, slow metabolism 2
a: Curse Item, Renounce Religion


You were on level 3 of the Dungeon.
You worshipped Ashenzari.
Ashenzari was noncommittal.
You were hungry.

You visited 1 branch of the dungeon, and saw 4 of its levels.

You collected 148 gold pieces.

Inventory:

Hand Weapons
 a - a +1 dagger (weapon)
Armour
 b - a +1 robe (worn)
Scrolls
 f - 4 scrolls of random uselessness {unknown}
 h - a scroll of remove curse
 i - a scroll of immolation {unknown}
 j - a scroll of noise {unknown}
 k - 3 scrolls of identify {unknown}
 n - a scroll of fear {unknown}
 o - a scroll of teleportation {unknown}
 p - a scroll of enchant armour {unknown}
Potions
 e - a potion of magic {unknown}
 g - a potion of brilliance {unknown}
 l - 3 potions of degeneration {unknown}
 m - a potion of flight {unknown}
Books
 c - a book of Maledictions

   Spells                             Type                      Level
   a - Corona                         Hexes                        1
   b - Ensorcelled Hibernation        Hexes/Ice                    2
   c - Confuse                        Hexes                        3
   d - Tukima's Dance                 Hexes                        3
   e - Dazzling Spray                 Conjuration/Hexes            3
Comestibles
 d - 2 bread rations


   Skills:
 + Level 0.5 Fighting
 + Level 1.3 Short Blades
 + Level 3.6 Dodging
 + Level 6.8 Stealth
 + Level 3.6 Spellcasting
 + Level 4.4 Hexes
 + Level 1.2 Ice Magic


You had 2 spell levels left.
You knew the following spells:

 Your Spells              Type           Power        Failure   Level  Hunger
a - Corona                Hex            ###....      2%          1    None
b - Ensorcelled Hibernat  Hex/Ice        ##....       10%         2    ##.....
c - Confuse               Hex            ###.....     10%         3    ###....
d - Dazzling Spray        Conj/Hex       ##......     21%         3    ###....


Dungeon Overview and Level Annotations

Branches:
Dungeon (4/15)
 Temple: D:4-7

Altars:
Ashenzari


Innate Abilities, Weirdness & Mutations

You are tiny and cannot use many weapons and most armour.
You have supernaturally acute eyesight.
You are a herbivore.
You cover ground extremely quickly.
You need consume almost no food.


Message History

Things that are here:
an uncursed falchion; an uncursed short sword You hit the orc priest.
The orc priest is severely wounded.
The orc priest casts a cantrip, but nothing happens.
The orc priest misses you.
The orc priest is no longer blind.
You closely miss the orc priest.
The orc priest is severely wounded.
The orc priest hits you with a hand axe.
* * * LOW HITPOINT WARNING * * *
Casting: Dazzling Spray
Confirm with . or Enter, or press ? or * to list all spells.
Aiming: Ensorcelled Hibernation
Press: ? - help, Shift-Dir - straight line, f/p - orc priest
Aim: an orc priest, wielding a hand axe (severely wounded, chance to defeat MR: 44%)
The orc priest resists with some effort.
The orc completely misses you.
The orc priest hits you with a hand axe.
You die...

#.# #.####.###
##........ #....
... ###...###.#
#.......#.####.#
#............!.#
#...@...#.###
.###
######..oo......#
...
#.......).###...#
..# #.####....#
###.##..# #.#
#.##.####...#..#
#.#
#........†K....#
#.#
#.###.###...#.##
#.#
#.###.####.##.#
#.# #).........#
.#


You could see an orc priest and an orc.

Vanquished Creatures
  A centaur skeleton (D:4)
  Natasha (twice) (D:3)
  5 adders
  A worm (D:3)
  A dart slug (D:2)
  3 orcs
  3 giant cockroaches
  7 goblins
  7 hobgoblins
  7 bats
  10 kobolds
  4 rats
51 creatures vanquished.

Notes
Turn   | Place    | Note
--------------------------------------------------------------
     0 | D:1      | juanjsm the Spriggan Enchanter began the quest for the Orb.
     0 | D:1      | Reached XP level 1. HP: 9/9 MP: 5/5
   139 | D:1      | Reached XP level 2. HP: 11/13 MP: 3/6
   143 | D:1      | Learned a level 2 spell: Ensorcelled Hibernation
   192 | D:1      | Found a shattered altar of Ashenzari.
   196 | D:1      | Became a worshipper of Ashenzari the Shackled
   670 | D:1      | Reached skill level 5 in Stealth
   971 | D:2      | Reached XP level 3. HP: 11/16 MP: 2/8
   976 | D:2      | Learned a level 3 spell: Confuse
  1188 | D:3      | Found a faded altar to an unknown god.
  1228 | D:4      | Reached skill level 6 in Stealth
  1228 | D:4      | Reached XP level 4. HP: 20/21 MP: 3/9
  1233 | D:4      | Learned a level 3 spell: Dazzling Spray
  1244 | D:4      | Reached skill level 1 in Ice Magic
  1516 | D:3      | Noticed Natasha
  1521 | D:3      | Killed Natasha
  1548 | D:3      | Noticed Natasha
  1555 | D:3      | Killed Natasha
  1555 | D:3      | Reached XP level 5. HP: 25/25 MP: 3/11
  1772 | D:3      | HP: 1/25 [orc priest/hand axe (3)]
  1773 | D:3      | Slain by an orc priest

Skill      XL: |  1  2  3  4 |
---------------+-------------+-----
Stealth        | 5 6 |  6.8
Spellcasting   | 3 |  3.6
Hexes          | 4 |  4.4
Ice Magic      | 1 |  1.2
Fighting       | |  0.5
Short Blades   | |  1.3
Dodging        | |  3.6

Action                   |  1- 3 |  4- 6 || total
-------------------------+-------+-------++-------
Melee: Dagger            |    83 |    23 ||   106
 Cast: Corona            |     6 |       ||     6
       Ensorcelled Hiber |    18 |    15 ||    33
       Confuse           |     1 |       ||     1
       Dazzling Spray    |       |     1 ||     1
 Stab: Sleeping          |    19 |    15 ||    34
       Distracted        |     1 |       ||     1
       Confused          |     1 |       ||     1
Armor: Robe              |     8 |       ||     8
Dodge: Dodged            |    61 |    19 ||    80
